APL (24 & UNDER)
DETROIT DIRTY SNOW @ SAVANNAH HOGS
09/21/2028
 
TOP OF THE 1ST
Detroit Dirty Snow batting - Pitching for Savannah Hogs : RHP Landon Bailey
Pitching: RHP Landon Bailey
Batting: SHB Cristián López 0-0: Called Strike
0-1: SINGLE (Groundball, 34D)
Batting: RHB Cristo Souza 0-0: Called Strike
0-1: Called Strike
0-2: Foul Ball, location: 2F
0-2: Foul Ball, location: 2F
0-2: Strikes out swinging
Batting: LHB Félix Costa 0-0: Foul Ball, location: 2F
0-1: Swinging Strike
0-2: Ball
1-2: Ball
2-2: Ball
3-2: SINGLE (Groundball, 6D)
Cristián López to second
Batting: RHB Carlos Rocha 0-0: Ball
1-0: 3-RUN HOME RUN (Flyball, 78XD), Distance : 403 ft
Batting: RHB Gary Wyatt 0-0: Called Strike
0-1: Swinging Strike
0-2: Strikes out swinging
Batting: RHB Charlie O'Farrell 0-0: Ball
1-0: Ball
2-0: Called Strike
2-1: Swinging Strike
2-2: Strikes out looking
Top of the 1st over - 3 run(s), 3 hit(s), 0 error(s), 0 left on base; Detroit 3 - Savannah 0
BOTTOM OF THE 1ST
Savannah Hogs batting - Pitching for Detroit Dirty Snow : RHP Ramiro Vargas
Pitching: RHP Ramiro Vargas
Batting: RHB Guillermo González 0-0: Called Strike
0-1: Ball
1-1: Ball
2-1: Fly out, F9 (Flyball, 9)
Batting: RHB Joel García 0-0: Foul Ball, location: 2F
0-1: Ball
1-1: Ball
2-1: Ball
3-1: Base on Balls
Batting: RHB Henry Haines 0-0: Called Strike
0-1: Foul Ball, location: 2F
0-2: Strikes out looking
Batting: RHB Ramón Gómez 0-0: Ball
Passed Ball!
Joel García to second
1-0: Called Strike
1-1: Foul Ball, location: 2F
1-2: Ball
2-2: SINGLE (Popup, 34D)
Joel García to third
Runner from 3rd tries for Home, SAFE, no throw
Batting: RHB Júlio Contreras 0-0: Ball
1-0: Ball
Ramón Gómez steals 2nd base
2-0: SINGLE (Line Drive, 56D)
Ramón Gómez to third
Runner from 3rd tries for Home, SAFE, no throw
Batting: RHB Jorge Chávez 0-0: Ball
1-0: Called Strike
1-1: Foul Ball, location: 2F
1-2: Ball
Júlio Contreras steals 2nd base
2-2: SINGLE (Groundball, 2L) (infield hit)
Júlio Contreras to third
Batting: RHB Luis González 0-0: Called Strike
0-1: Ball
1-1: Ball
2-1: Fielders Choice at 2nd, U6 (Groundball, 6M)
Bottom of the 1st over - 2 run(s), 3 hit(s), 0 error(s), 2 left on base; Detroit 3 - Savannah 2
TOP OF THE 2ND
Detroit Dirty Snow batting - Pitching for Savannah Hogs : RHP Landon Bailey
Batting: SHB Alan Garland 0-0: Bunted foul
0-1: Foul Ball, location: 2F
0-2: Ball
1-2: Strikes out swinging
Batting: RHB Manuel Flores 0-0: Fly out, F8 (Line Drive, 89M)
Batting: LHB Luis Salazar 0-0: Ball
1-0: Foul Ball, location: 2F
1-1: Ground out 4-3 (Groundball, 4S)
Top of the 2nd over - 0 run(s), 0 hit(s), 0 error(s), 0 left on base; Detroit 3 - Savannah 2
BOTTOM OF THE 2ND
Savannah Hogs batting - Pitching for Detroit Dirty Snow : RHP Ramiro Vargas
Batting: RHB Miguel Cervantes 0-0: Called Strike
0-1: Ball
1-1: Swinging Strike
1-2: Foul Ball, location: 2F
1-2: Ball
2-2: Ground out 5-3 (Groundball, 5S)
Batting: LHB Felipe Franco 0-0: Called Strike
0-1: Called Strike
0-2: Ground out U3 (Groundball, 3)
Batting: RHB Guillermo González 0-0: Swinging Strike
0-1: Foul Ball, location: 2F
0-2: Ball
1-2: Foul Ball, location: 2F
1-2: Foul Ball, location: 2F
1-2: Fly out, F8 (Flyball, 8RS)
Bottom of the 2nd over - 0 run(s), 0 hit(s), 0 error(s), 0 left on base; Detroit 3 - Savannah 2
TOP OF THE 3RD
Detroit Dirty Snow batting - Pitching for Savannah Hogs : RHP Landon Bailey
Batting: SHB Cristián López 0-0: Called Strike
0-1: Ball
1-1: Foul Ball, location: 2F
1-2: Ball
2-2: Ball
3-2: Strikes out swinging
Batting: RHB Cristo Souza 0-0: Ball
1-0: Swinging Strike
1-1: Called Strike
1-2: Ball
2-2: Strikes out looking
Batting: LHB Félix Costa 0-0: Called Strike
0-1: Ball
1-1: Foul Ball, location: 2F
1-2: SINGLE (Line Drive, 6MD)
Batting: RHB Carlos Rocha 0-0: Ball
1-0: Called Strike
1-1: Ball
2-1: Called Strike
2-2: Ball
Félix Costa is caught stealing 2nd base
Top of the 3rd over - 0 run(s), 1 hit(s), 0 error(s), 0 left on base; Detroit 3 - Savannah 2
BOTTOM OF THE 3RD
Savannah Hogs batting - Pitching for Detroit Dirty Snow : RHP Ramiro Vargas
Batting: RHB Joel García 0-0: Ball
1-0: Called Strike
1-1: Foul Ball, location: 2F
1-2: Strikes out swinging
Batting: RHB Henry Haines 0-0: Swinging Strike
0-1: Foul Ball, location: 2F
0-2: Ball
1-2: Strikes out swinging
Batting: RHB Ramón Gómez 0-0: Ball
1-0: Called Strike
1-1: Ball
2-1: Fly out, F9 (Flyball, 9)
Bottom of the 3rd over - 0 run(s), 0 hit(s), 0 error(s), 0 left on base; Detroit 3 - Savannah 2
TOP OF THE 4TH
Detroit Dirty Snow batting - Pitching for Savannah Hogs : RHP Landon Bailey
Batting: RHB Carlos Rocha 0-0: Ball
1-0: Called Strike
1-1: Swinging Strike
1-2: Strikes out swinging
Batting: RHB Gary Wyatt 0-0: Ball
1-0: Swinging Strike
1-1: Called Strike
1-2: Ball
2-2: Strikes out swinging
Batting: RHB Charlie O'Farrell 0-0: Foul Ball, location: 2F
0-1: Swinging Strike
0-2: Ball
1-2: Fly out, F9 (Flyball, 9LS)
Top of the 4th over - 0 run(s), 0 hit(s), 0 error(s), 0 left on base; Detroit 3 - Savannah 2
BOTTOM OF THE 4TH
Savannah Hogs batting - Pitching for Detroit Dirty Snow : RHP Ramiro Vargas
Batting: RHB Júlio Contreras 0-0: Called Strike
0-1: Swinging Strike
0-2: Ball
1-2: Foul Ball, location: 2F
1-2: Ball
2-2: Ball
3-2: Ground out 5-3 (Groundball, 5)
Batting: RHB Jorge Chávez 0-0: Foul Ball, location: 2F
0-1: Ball
1-1: Ball
2-1: Ball
3-1: Foul Ball, location: 2F
3-2: Base on Balls
Batting: RHB Luis González 0-0: Ball
Jorge Chávez is caught stealing 2nd base
1-0: Swinging Strike
1-1: Foul Ball, location: 2F
1-2: Ball
2-2: Ball
3-2: Strikes out swinging
Bottom of the 4th over - 0 run(s), 0 hit(s), 0 error(s), 0 left on base; Detroit 3 - Savannah 2
TOP OF THE 5TH
Detroit Dirty Snow batting - Pitching for Savannah Hogs : RHP Landon Bailey
Batting: SHB Alan Garland 0-0: Ball
1-0: Called Strike
1-1: Foul Ball, location: 2F
1-2: Strikes out swinging
Batting: RHB Manuel Flores 0-0: Called Strike
0-1: Foul Ball, location: 2F
0-2: Fly out, F8 (Flyball, 8RD)
Batting: LHB Luis Salazar 0-0: Ball
1-0: Ball
2-0: Swinging Strike
2-1: Foul Ball, location: 2F
2-2: Strikes out looking
Top of the 5th over - 0 run(s), 0 hit(s), 0 error(s), 0 left on base; Detroit 3 - Savannah 2
BOTTOM OF THE 5TH
Savannah Hogs batting - Pitching for Detroit Dirty Snow : RHP Ramiro Vargas
Batting: RHB Miguel Cervantes 0-0: Called Strike
0-1: Ball
1-1: Ball
2-1: Fly out, F7 (Flyball, 78M)
Batting: LHB Felipe Franco 0-0: Ball
1-0: Called Strike
1-1: Ball
2-1: Foul Ball, location: 2F
2-2: Foul Ball, location: 2F
2-2: Ball
3-2: SINGLE (Groundball, 4MD)
Pitching: RHP Vaughan Horne
Batting: RHB Guillermo González 0-0: Ball
1-0: Swinging Strike
1-1: Ball
2-1: Foul Ball, location: 2F
2-2: Ground out 3-1 (Groundball, 34S)
Felipe Franco to second
Batting: RHB Joel García 0-0: Ball
1-0: Ball
2-0: Ball
3-0: Called Strike
3-1: Base on Balls
Batting: RHB Henry Haines 0-0: Ball
1-0: SINGLE (Line Drive, 89S)
Felipe Franco to third
Joel García to second
Runner from 3rd tries for Home, SAFE, no throw
Batting: RHB Ramón Gómez 0-0: Ball
1-0: Swinging Strike
1-1: Reached on error, E6 (Groundball, 6)
Joel García to third
Henry Haines to second
Batting: RHB Júlio Contreras 0-0: Fly out, F9 (Flyball, 9LS)
Bottom of the 5th over - 1 run(s), 2 hit(s), 1 error(s), 3 left on base; Detroit 3 - Savannah 3
TOP OF THE 6TH
Detroit Dirty Snow batting - Pitching for Savannah Hogs : RHP Landon Bailey
Batting: SHB Cristián López 0-0: Called Strike
0-1: SOLO HOME RUN (Flyball, 8RXD), Distance : 432 ft
Batting: RHB Cristo Souza 0-0: Ball
1-0: DOUBLE (Line Drive, 78M)
Batting: LHB Félix Costa 0-0: Intentional Walk
Batting: RHB Carlos Rocha 0-0: Ball
1-0: Ball
Wild Pitch!
Cristo Souza to third
Félix Costa to second
2-0: Called Strike
2-1: Swinging Strike
2-2: Foul Ball, location: 2F
2-2: Strikes out looking
Pitching: LHP Brian Hodges
Batting: RHB Gary Wyatt 0-0: Foul Ball, location: 2F
0-1: Foul Ball, location: 2F
0-2: Foul Ball, location: 2F
0-2: Ball
1-2: SINGLE (Groundball, 4MD)
Cristo Souza scores
Félix Costa to third
Runner from 3rd tries for Home, SAFE, no throw
Batting: RHB Charlie O'Farrell 0-0: Ball
1-0: Called Strike
1-1: Called Strike
1-2: Foul Ball, location: 2F
1-2: Fly out, F8 (Flyball, 89D)
Batting: SHB Alan Garland 0-0: Called Strike
0-1: Called Strike
0-2: Strikes out looking
Top of the 6th over - 3 run(s), 3 hit(s), 0 error(s), 1 left on base; Detroit 6 - Savannah 3
BOTTOM OF THE 6TH
Savannah Hogs batting - Pitching for Detroit Dirty Snow : RHP Vaughan Horne
Batting: RHB Jorge Chávez 0-0: Foul Ball, location: 2F
0-1: Ball
1-1: Foul Ball, location: 2F
1-2: Strikes out looking
Batting: RHB Luis González 0-0: Ball
1-0: Fly out, F9 (Flyball, 89D)
Batting: RHB Miguel Cervantes 0-0: Ball
1-0: Called Strike
1-1: Called Strike
1-2: Ball
2-2: Foul Ball, location: 2F
2-2: Ball
3-2: Strikes out swinging
Bottom of the 6th over - 0 run(s), 0 hit(s), 0 error(s), 0 left on base; Detroit 6 - Savannah 3
TOP OF THE 7TH
Detroit Dirty Snow batting - Pitching for Savannah Hogs : LHP Brian Hodges
Batting: RHB Manuel Flores 0-0: Swinging Strike
0-1: Called Strike
0-2: Ball
1-2: Ball
2-2: Strikes out looking
Batting: LHB Luis Salazar 0-0: Called Strike
0-1: Foul Ball, location: 2F
0-2: Ball
1-2: Foul Ball, location: 2F
1-2: Ball
2-2: Strikes out swinging
Batting: SHB Cristián López 0-0: Ball
1-0: Called Strike
1-1: Ball
2-1: Called Strike
2-2: Strikes out looking
Top of the 7th over - 0 run(s), 0 hit(s), 0 error(s), 0 left on base; Detroit 6 - Savannah 3
BOTTOM OF THE 7TH
Savannah Hogs batting - Pitching for Detroit Dirty Snow : RHP Vaughan Horne
Batting: LHB Felipe Franco 0-0: Called Strike
0-1: Hit by Pitch
Batting: RHB Guillermo González 0-0: Ball
1-0: Foul Ball, location: 2F
1-1: Called Strike
1-2: Strikes out looking
Batting: RHB Joel García 0-0: Called Strike
0-1: Swinging Strike
0-2: Ball
1-2: Ball
2-2: Ball
3-2: Strikes out swinging
Batting: RHB Henry Haines 0-0: SINGLE (Groundball, 56D)
Felipe Franco to second
Batting: RHB Ramón Gómez 0-0: Swinging Strike
0-1: Ball
1-1: Fly out, F6 (Line Drive, 6M)
Bottom of the 7th over - 0 run(s), 1 hit(s), 0 error(s), 2 left on base; Detroit 6 - Savannah 3
TOP OF THE 8TH
Detroit Dirty Snow batting - Pitching for Savannah Hogs : LHP Brian Hodges
Batting: RHB Cristo Souza 0-0: Ground out 3-1 (Groundball, 34)
Pitching: LHP Ben Krieger
Batting: LHB Félix Costa 0-0: Ball
1-0: Foul Ball, location: 2F
1-1: Foul Ball, location: 2F
1-2: SOLO HOME RUN (Flyball, 89XD), Distance : 382 ft
Batting: RHB Carlos Rocha 0-0: Ball
1-0: Ball
2-0: Ball
3-0: Base on Balls
Batting: RHB Gary Wyatt 0-0: Called Strike
0-1: Called Strike
0-2: Strikes out swinging
Batting: RHB Charlie O'Farrell 0-0: Ball
1-0: Ball
2-0: Ball
3-0: Called Strike
3-1: Base on Balls
Carlos Rocha to second
Batting: SHB Alan Garland 0-0: Foul Ball, location: 2F
0-1: Ball
1-1: Ball
2-1: Foul Ball, location: 2F
2-2: Ball
3-2: Foul Ball, location: 2F
3-2: SINGLE (Flyball, 8LS)
Carlos Rocha to third
Charlie O'Farrell to second
Carlos Rocha scores
Charlie O'Farrell to third
Pitching: RHP Javier Franco
Batting: RHB Manuel Flores 0-0: Ball
1-0: Ball
2-0: Swinging Strike
2-1: Foul Ball, location: 2F
2-2: Strikes out swinging
Top of the 8th over - 2 run(s), 2 hit(s), 0 error(s), 2 left on base; Detroit 8 - Savannah 3
BOTTOM OF THE 8TH
Savannah Hogs batting - Pitching for Detroit Dirty Snow : RHP Vaughan Horne
Batting: RHB Júlio Contreras 0-0: Called Strike
0-1: Fly out, F7 (Line Drive, 7LS)
Pitching: RHP José Rocha
Batting: RHB Jorge Chávez 0-0: Called Strike
0-1: Ball
1-1: Ball
2-1: Ball
3-1: Base on Balls
Batting: RHB Luis González 0-0: Ball
1-0: Called Strike
1-1: Foul Ball, location: 2F
1-2: Ball
2-2: Strikes out swinging
Batting: RHB Miguel Cervantes 0-0: Called Strike
0-1: Foul Ball, location: 2F
0-2: Foul Ball, location: 2F
0-2: Ground out 1-3 (Groundball, 13)
Bottom of the 8th over - 0 run(s), 0 hit(s), 0 error(s), 1 left on base; Detroit 8 - Savannah 3
TOP OF THE 9TH
Detroit Dirty Snow batting - Pitching for Savannah Hogs : RHP Javier Franco
Batting: LHB Luis Salazar 0-0: Ball
1-0: Swinging Strike
1-1: Ball
2-1: Foul Ball, location: 2F
2-2: Strikes out looking
Batting: SHB Cristián López 0-0: Foul Ball, location: 2F
0-1: Ball
1-1: SOLO HOME RUN (Flyball, 9D), Distance : 376 ft
Batting: RHB Cristo Souza 0-0: Ball
1-0: Ball
2-0: Ball
3-0: Foul Ball, location: 2F
3-1: Base on Balls
Batting: LHB Félix Costa 0-0: Called Strike
0-1: Ball
1-1: Ball
2-1: Called Strike
2-2: Foul Ball, location: 2F
2-2: Ball
3-2: Strikes out swinging
Batting: RHB Carlos Rocha 0-0: Called Strike
0-1: Ball
1-1: Foul Ball, location: 2F
1-2: Strikes out looking
Top of the 9th over - 1 run(s), 1 hit(s), 0 error(s), 1 left on base; Detroit 9 - Savannah 3
BOTTOM OF THE 9TH
Savannah Hogs batting - Pitching for Detroit Dirty Snow : RHP José Rocha
Batting: LHB Felipe Franco 0-0: Ball
1-0: Foul Ball, location: 2F
1-1: Foul Ball, location: 2F
1-2: Ball
2-2: Strikes out looking and he physically ARGUES THE CALL AND IS TOSSED!
Batting: RHB Guillermo González 0-0: SINGLE (Line Drive, 89S)
Batting: RHB Joel García 0-0: Foul Ball, location: 2F
0-1: Ball
1-1: Called Strike
1-2: Ball
2-2: Strikes out swinging
Batting: RHB Henry Haines 0-0: Ball
1-0: Called Strike
1-1: Ball
2-1: Ball
3-1: Base on Balls
Guillermo González to second
Batting: RHB Ramón Gómez 0-0: Ball
1-0: Swinging Strike
1-1: Called Strike
1-2: Ball
2-2: Ball
3-2: Base on Balls
Guillermo González to third
Henry Haines to second
Batting: RHB Júlio Contreras 0-0: Called Strike
0-1: Ball
1-1: Called Strike
1-2: Fielders Choice at 2nd, 6-4 (Groundball, 6)
Bottom of the 9th over - 0 run(s), 1 hit(s), 0 error(s), 2 left on base; Detroit 9 - Savannah 3
Tuesday, August 8th, 2017 - OOTP Baseball 17.12 Build 75